 Dungeon Crawl Stone Soup version 0.22-a0-433-gd2a9cce (webtiles) character file.

54 KristoblXynda the Slasher (level 3, -3/32 HPs)
             Began as a Naga Gladiator on May 27, 2018.
             Slain by a bullfrog (4 damage)
             ... on level 3 of the Dungeon.
             The game lasted 00:02:41 (1350 turns).

KristoblXynda the Slasher (Naga Gladiator)          Turns: 1350, Time: 00:02:42

Health: -3/32      AC:  4    Str: 16    XL:     3   Next: 91%
Magic:  3/3        EV:  9    Int:  9    God:
Gold:   46         SH:  0    Dex: 12    Spells: 2/2 levels left

rFire    . . .     SeeInvis +   a - +0 long sword
rCold    . . .     Gourm    .   (no shield)
rNeg     . . .     Faith    .   n - +0 ring mail
rPois    +         Spirit   .   c - +0 helmet
rElec    .         Reflect  .   (no cloak)
rCorr    .         Harm     .   (no gloves)
MR       .....                  (no barding)
Stlth    +.........             (no amulet)
HPRegen  0.10/turn              (no ring)
MPRegen  0.08/turn              (no ring)

@: short of breath, very slow
A: large, see invisible, deformed body, poison resistance, slowness 2, slow
metabolism 1, spit poison 1, AC +1
a: Spit Poison


You were on level 3 of the Dungeon.
You were not hungry.

You visited 1 branch of the dungeon, and saw 4 of its levels.

You collected 46 gold pieces.

Inventory:

Hand Weapons
 a - a +0 long sword (weapon)
Missiles
 d - 3 throwing nets (quivered)
Armour
 c - a +0 helmet (worn)
 n - a +0 ring mail (worn)
Jewellery
 b - an uncursed amulet of magic regeneration {unknown}
 p - a cursed amulet of inaccuracy {unknown}
Scrolls
 h - a scroll of remove curse {unknown}
 k - 2 scrolls of identify {unknown}
 l - a scroll of fear
 m - a scroll of noise {unknown}
Potions
 e - 3 potions of curing {unknown}
 j - 2 potions of resistance {unknown}
Comestibles
 f - 2 rations
 o - 2 chunks of flesh


   Skills:
 - Level 2.0 Fighting
 * Level 3.9 Long Blades
 - Level 2.0 Throwing
 + Level 2.8 Dodging
 + Level 2.0 Stealth


You had 2 spell levels left.
You didn't know any spells.
Your spell library was empty.

Dungeon Overview and Level Annotations

Branches:
Dungeon (4/15)
 Temple: D:4-7

Altars:
Vehumet


Innate Abilities, Weirdness & Mutations

You cannot wear boots.
Your serpentine skin is tough. (AC +1)
You have supernaturally acute eyesight. (SInv)
Armour fits poorly on your strangely shaped body.
Your system is resistant to poisons. (rPois)
You cover ground very slowly.
You have a slow metabolism.
You can spit poison.


Message History

You have got your breath back.
The bullfrog hits you but does no damage.
The bullfrog hits you.
You barely miss the bullfrog.
The bullfrog is heavily wounded.
The bullfrog hits you.
* * * LOW HITPOINT WARNING * * *
The bullfrog hits you but does no damage.
Press: ? - help, Shift-Dir - straight line, f/p - bullfrog
Aim: a bullfrog (heavily wounded)
The splash of poison misses the bullfrog.
You feel slightly more hungry. The bullfrog hits you.
* * * LOW HITPOINT WARNING * * *
Okay, then.
You slash the bullfrog!
The bullfrog is almost dead.
The bullfrog hits you!
* * * LOW HITPOINT WARNING * * *
The bullfrog hits you.
You die...

..... .......
.#.... .... ..#
...... ... ..##
...... #.# .....
......###.##.....
.........>.......
..........†.....#
..........F.....'
....#....@......#
... #.......#...+
.. #...#+### ..#
...............##
...........#...
...........#
####.......#
#........
#.........


You could see a bullfrog.

Vanquished Creatures
  An adder (D:4)
  2 dart slugs (D:1)
  2 leopard geckos (D:1)
  An orc (D:3)
  2 ball pythons (D:1)
  4 bats
  2 giant cockroaches (D:1)
  6 hobgoblins (D:1)
  7 kobolds
  A frilled lizard (D:2)
  5 goblins (D:1)
  3 rats
36 creatures vanquished.

Notes
Turn   | Place    | Note
-------+----------+-------------------------------------------
     0 | D:1      | KristoblXynda the Naga Gladiator began the quest for the Orb.
     0 | D:1      | Reached XP level 1. HP: 19/19 MP: 1/1
   238 | D:1      | Reached XP level 2. HP: 25/26 MP: 2/2
   405 | D:1      | Reached skill level 1 in Stealth
   671 | D:1      | Reached XP level 3. HP: 26/32 MP: 3/3
  1178 | D:2      | Found a radiant altar of Vehumet.
  1215 | D:2      | You fall through a shaft for 2 floors!
  1339 | D:3      | Noticed a bullfrog
  1350 | D:3      | HP: 1/32 [bullfrog (7)]
  1350 | D:3      | Slain by a bullfrog

Vault maps used:
D:1:      dpeg_arrival_renting
D:2:      overflow_temple_1_default
D:3:      minmay_misc_feat_nine_boxes

Skill      XL: |  1  2  3 |
---------------+----------+-----
Throwing       | 2 |  2.0
Stealth        | 1 2 |  2.0
Fighting       | |  2.0
Long Blades    | |  3.9
Dodging        | |  2.8

Action                   || total
-------------------------++-------
Melee: Long sword        ||    97
 Abil: Spit Poison       ||     9
  Use: Scroll            ||     3
 Stab: Sleeping          ||     2
  Eat: Chunk             ||     1
Armor: Leather armour    ||    16
       Ring mail         ||    17
Dodge: Dodged            ||    52
       Rpst.: Long sword ||    16

Table legend:
 A = Spawn XP
 B = Non-spawn XP
 C = Spawn XP percentage of total XP
 D = Spawn monster count
 E = Non-spawn monster count
 F = Spawn count percentage of total count
 G = Total turns spent on level
                    A         B        C        D         E        F      G
               +---------+---------+-------+---------+---------+-------+---------
         Total |       0 |      78 |   0.0 |       0 |      36 |   0.0 |  1350
               +---------+---------+-------+---------+---------+-------+---------
           D:1 |       0 |      53 |   0.0 |       0 |      27 |   0.0 |  1093
           D:2 |       0 |       5 |   0.0 |       0 |       4 |   0.0 |   122
           D:3 |       0 |       7 |   0.0 |       0 |       4 |   0.0 |    87
           D:4 |       0 |      13 |   0.0 |       0 |       1 |   0.0 |    48
               +---------+---------+-------+---------+---------+-------+---------
